 Dungeon Crawl Stone Soup version 0.23.2-40-g277498a001 (webtiles) character file.

Game seed: 5385545608412532533

87138 crabtaco the Severer (level 15, 0/144 HPs)
             Began as a Minotaur Fighter on Sept 28, 2019.
             Was a High Priest of Trog.
             Slain by a merfolk
             ... wielding a +0 trident
              (2 damage)
             ... on level 1 of the Shoals on Sept 29, 2019.
             The game lasted 03:39:00 (30502 turns).

crabtaco the Severer (Minotaur Fighter)            Turns: 30502, Time: 03:39:01

Health: 0/144      AC: 23    Str: 29    XL:     15   Next: 42%
Magic:  18/18      EV: 13    Int:  5    God:    Trog [*****.]
Gold:   217        SH:  0    Dex: 11    Spells: 14/14 levels left

rFire    . . .     SeeInvis +   a - +5 executioner's axe (flame)
rCold    . . .     Gourm    .   (shield currently unavailable)
rNeg     . . .     Faith    .   n - +0 plate armour
rPois    .         Spirit   .   i - +0 mask of the Dragon {MR+ Slay+3 SInv}
rElec    .         Reflect  .   M - +2 cloak
rCorr    .         Harm     .   t - +2 pair of gloves {archery}
MR       ++...     Rnd*Tele +   R - +0 pair of boots
Stlth    ..........             V - amulet of the acrobat
HPRegen  0.34/turn              J - +2 ring of slaying
MPRegen  0.16/turn              e - +3 ring of strength

@: about to teleport
A: retaliatory headbutt, horns 2, teleportitis 1
a: Berserk, Trog's Hand, Brothers in Arms, Renounce Religion


You were on level 1 of the Shoals.
You worshipped Trog.
Trog was extremely pleased with you.
You were not hungry.

You visited 5 branches of the dungeon, and saw 25 of its levels.

You collected 2619 gold pieces.
You spent 2402 gold pieces at shops.

Inventory:

Hand Weapons
 a - a +5 executioner's axe of flaming (weapon)
 b - a +3 longbow of freezing
 w - a +4 antimagic broad axe
 F - a +1 shortbow of flaming
 I - a +2 war axe of freezing
 N - a +4 longbow of velocity
Missiles
 G - 761 arrows
Armour
 c - a +2 shield
 i - the +0 mask of the Dragon (worn) {MR+ Slay+3 SInv}
   (You found it on level 6 of the Lair of Beasts)

   It affects your accuracy and damage with ranged weapons and melee attacks
   (+3).
   It affects your resistance to hostile enchantments.
   It lets you see invisible.
 n - a +0 plate armour (worn)
 s - a +3 scale mail of fire resistance
 t - a +2 pair of gloves of archery (worn)
 H - a +1 troll leather armour {Snorg}
 L - +0 acid dragon scales
 M - a +2 cloak (worn)
 R - a +0 pair of boots (worn)
 T - the -2 hat of the Alchemist {rElec rPois rF+ rC+ rN+ MR+ rMut rCorr}
   (You bought it in a shop on level 6 of the Dungeon)

   It protects you from fire.
   It protects you from cold.
   It insulates you from electricity.
   It protects you from poison.
   It protects you from negative energy.
   It affects your resistance to hostile enchantments.
   It provides partial protection from all sources of acid and corrosion.
   It protects you from mutation.
Jewellery
 e - a +3 ring of strength (right hand)
 J - a +2 ring of slaying (left hand)
 O - an uncursed ring of flight
 V - an amulet of the acrobat (around neck)
Wands
 h - a wand of paralysis (21)
 z - a wand of flame (51)
 C - a wand of polymorph (6)
 D - a wand of enslavement (8)
 E - a wand of random effects (50)
 P - a wand of iceblast (3)
 S - a wand of clouds (6)
Scrolls
 k - 2 scrolls of blinking
 l - 9 scrolls of remove curse
 o - a scroll of magic mapping
 u - 3 scrolls of teleportation
 y - a scroll of silence
 A - 3 scrolls of fear
 K - 3 scrolls of identify
 Q - 2 scrolls of fog
Potions
 d - 2 potions of might
 g - a potion of haste
 j - 2 potions of curing
 m - 2 potions of agility
 p - 5 potions of flight
 q - 2 potions of berserk rage
 r - 2 potions of mutation
 v - 2 potions of ambrosia
 x - 3 potions of resistance
 B - 2 potions of cancellation
Miscellaneous
 U - a lightning rod (4/4)
Comestibles
 f - 30 rations


   Skills:
 - Level 16.0 Fighting
 - Level 17.1 Axes
 + Level 13.3 Bows
 - Level 10.2 Armour
 - Level 11.3 Dodging
 - Level 4.3 Shields
 - Level 6.0 Evocations


You had 14 spell levels left.
You didn't know any spells.
Your spell library was empty.

Dungeon Overview and Level Annotations

Branches:
Dungeon (15/15)            Temple (1/1) D:7            Lair (6/6) D:8
 Shoals (1/4) Lair:3       Spider (0/4) Lair:3        Slime (0/5) Lair:6
    Orc (2/2) D:9             Elf (0/3) Orc:2        Vaults (0/5) D:13
 Depths (0/5) D:15

Altars:
Ashenzari
Cheibriados
Dithmenos
Elyvilon
Fedhas
Gozag
Hepliaklqana
Kikubaaqudgha
Makhleb
Nemelex Xobeh
Okawaru
Qazlal
Ru
Sif Muna
Trog
Uskayaw
Vehumet
Wu Jian
Xom
Yredelemnul
Zin
The Shining One
Beogh
Jiyva

Shops:
D:5 }   D:6 *   D:7 ?   D:9 *   D:10 :   Orc:1 ?   Orc:2 ([:*?

Annotations:
D:3 Ghost with ogers
D:10 1 runed translucent door
Orc:1 lots of ghosts, Emblim88's ghost, journeyman SpCj; FishyPogo's ghost, journeyman MfSk; Zawski's ghost, journeyman HuBe; hewge89's ghost, journeyman HaEn


Innate Abilities, Weirdness & Mutations

You reflexively headbutt those who attack you in melee.
You have a pair of horns on your head.
You are occasionally teleported next to monsters.


Message History

The merfolk impaler freezes you. The merfolk completely misses you.
The merfolk hits you from afar with a +0 trident.
Your +3 longbow of freezing stops glowing.
Your +5 executioner's axe of flaming bursts into flame!
a - a +5 executioner's axe of flaming (weapon)
The merfolk impaler hits you with a +8 trident of freezing!!
The merfolk impaler freezes you!
* * * LOW HITPOINT WARNING * * *
The merfolk hits you from afar with a +0 glaive.
* * * LOW HITPOINT WARNING * * *
As you read the scroll of teleportation, it crumbles to dust.
You feel strangely unstable.
The merfolk impaler hits you with a +8 trident of freezing!!
* * * LOW HITPOINT WARNING * * *
The merfolk impaler freezes you!
* * * LOW HITPOINT WARNING * * *
The merfolk hits you with a +0 trident.
* * * LOW HITPOINT WARNING * * *
The merfolk hits you from afar with a +0 trident.
You die...

#≈≈≈≈≈≈†≈≈≈≈≈≈≈≈≈≈≈≈≈≈≈≈
#≈≈≈≈≈≈≈≈≈≈≈≈≈≈≈≈≈≈≈≈≈≈
#≈≈≈≈≈≈≈≈≈≈≈≈≈≈≈≈≈≈≈≈≈≈
#≈≈≈≈≈≈≈≈..≈≈≈≈≈≈≈≈≈≈≈≈
#≈≈≈≈≈≈≈≈≈.≈..≈≈≈≈.≈≈≈≈
#≈≈≈≈≈≈≈≈≈......≈≈...≈≈...
#≈≈≈≈≈≈≈≈≈≈≈...≈...#.....
#.≈P #≈≈≈≈≈≈≈≈≈≈≈≈≈...###
.... #P≈≈ ≈≈≈≈≈≈≈≈≈≈≈≈≈.@##
#..# #P≈P
≈≈≈≈≈≈≈≈≈≈≈.mmm#####..# #.≈≈
≈≈≈≈≈≈≈≈≈≈≈..≈m.......#
##≈≈P ≈≈≈≈≈≈≈≈≈≈≈≈≈m......##
#.≈P≈ ≈≈≈≈≈≈≈≈≈≈≈≈≈≈≈≈≈≈..##
##....
≈≈≈≈≈≈≈≈≈≈≈≈≈...≈...###.....
≈≈≈≈≈≈≈≈≈≈≈≈≈....≈..........
≈≈≈≈≈≈≈≈≈≈≈≈..###.......####
≈≈≈≈≈≈≈≈≈≈≈.### #......## #


You could see a merfolk impaler and 4 merfolk.

Vanquished Creatures
  Rupert (Lair:4)
  Kirke (Lair:4)
  An orc warlord (Orc:2)
  An ettin (Orc:1)
  Josephine (D:15)
  2 fire dragons (D:15)
  A vault guard (D:13)
  5 hydras
  2 centaur warriors
  A death knight (D:14)
  2 catoblepae (Lair:6)
  An alligator snapping turtle (Shoals:1)
  A death yak (Lair:6)
  An orc high priest (Orc:2)
  Urug (Lair:3)
  Nergalle (Lair:2)
  A sea snake (Shoals:1)
  A swamp dragon (Lair:6)
  An orc knight (Orc:2)
  2 orc sorcerers (Orc:2)
  4 manticores
  Pikel (D:8)
  16 ugly things
  2 cyclopes (D:15)
  14 elephants
  A merfolk siren (Lair:3)
  A torpor snail (Lair:6)
  8 black mambas
  6 spiny frogs
  3 gargoyles
  An efreet (D:15)
  2 freezing wraiths
  3 rime drakes (Lair:6)
  6 komodo dragons
  2 merfolk
  5 trolls
  11 polar bears
  2 jumping spiders (Lair:3)
  A queen bee (Lair:2)
  3 raiju (Lair:6)
  17 blink frogs
  2 slime creatures
  5 hippogriffs
  A vampire (D:15)
  4 wyverns
  7 wraiths
  A human (shapeshifter) (D:9)
  3 water elementals
  7 basilisks
  24 yaks
  A steam dragon (D:14)
  A hungry ghost (D:15)
  5 hogs (Lair:4)
  11 vampire mosquitoes
  The ghost of Curus the Spear-Bearer, an amateur MfGl (D:3)
  9 wargs
  An acid dragon (Lair:6)
  A soldier ant (D:11)
  18 water moccasins
  12 hell hounds (Lair:6)
  7 porcupines
  An ice beast (D:12)
  20 orc warriors
  An ice beast (shapeshifter) (D:13)
  3 swamp drakes (Lair:6)
  15 black bears
  4 sky beasts
  2 slaves (D:8)
  13 ogres
  A hornet zombie (D:15)
  17 wolves
  3 boggarts (D:14)
  18 centaurs
  9 crocodiles
  3 big kobolds
  Blork the orc (D:4)
  24 bullfrogs
  A bullfrog (shapeshifter) (D:15)
  A wyvern zombie (D:7)
  A water moccasin skeleton (D:6)
  5 scorpions
  29 killer bees
  9 wights
  7 electric eels
  A howler monkey (D:5)
  A crimson imp (D:11)
  4 bullfrog zombies
  2 quasits
  2 centaur zombies
  2 hounds
  20 orc wizards
  18 orc priests
  3 jellies
  6 centaur skeletons
  7 iguanas
  12 worker ants
  A hound skeleton (D:4)
  A worker ant zombie (D:7)
  12 gnolls
  5 adders
  2 shadow imps
  4 oozes
  An adder zombie (D:7)
  An adder skeleton (D:4)
  2 worms (D:2)
  5 leopard geckos
  64 orcs
  A ball python (D:5)
  6 bats
  7 giant cockroaches
  6 goblins
  4 hobgoblins
  2 jackals (D:10)
  22 kobolds
  3 quokkas
  3 frilled lizards
  A leopard gecko skeleton (D:5)
  8 rats
  A bush (Lair:3)
  7 fungi
  5 plants
698 creatures vanquished.

Vanquished Creatures (collateral kills)
  Jorgrun (D:13)
  Snorg (D:12)
  A fire dragon (Lair:6)
  A centaur warrior (D:14)
  Erica (D:9)
  2 orc knights (Orc:2)
  An orc sorcerer (Orc:2)
  A troll (Orc:2)
  2 slime creatures (D:14)
  An acid dragon (D:13)
  A warg (Orc:2)
  4 orc warriors (Orc:2)
  2 orc priests (Orc:2)
  2 orc wizards (Orc:2)
  2 orcs (Orc:2)
23 creatures vanquished.

Vanquished Creatures (others)
  A hound (D:11)
  4 fungi
  13 plants
18 creatures vanquished.

Grand Total: 739 creatures vanquished

Notes
Turn   | Place    | Note
-------+----------+-------------------------------------------
     0 | D:1      | crabtaco the Minotaur Fighter began the quest for the Orb.
     0 | D:1      | Reached XP level 1. HP: 19/19 MP: 0/0
   211 | D:1      | Reached XP level 2. HP: 27/27 MP: 1/1
   591 | D:2      | Reached XP level 3. HP: 26/33 MP: 2/2
   633 | D:2      | Reached skill level 3 in Axes
  1001 | D:2      | Reached skill level 4 in Axes
  1001 | D:2      | Reached XP level 4. HP: 35/40 MP: 3/3
  1185 | D:2      | Reached skill level 5 in Axes
  1474 | D:2      | Found a bloodstained altar of Trog.
  1481 | D:2      | Became a worshipper of Trog the Wrathful
  1688 | D:3      | Reached XP level 5. HP: 46/46 MP: 4/4
  1746 | D:3      | Found a shimmering altar of Xom.
  1877 | D:3      | Noticed Curus's ghost (amateur MfGl)
  1878 | D:3      | Found a transporter.
  1878 | D:3      | Identified the +5 dire flail of Irrepressible Laughter
                  | {freeze, +Rage rC+ Str-2 Stlth+}
  1878 | D:3      | Noticed an ogre
  1880 | D:3      | Noticed an ogre
  1886 | D:3      | Found a transporter.
  1946 | D:3      | Noticed an ogre
  1982 | D:3      | Killed an ogre
  2367 | D:3      | Reached * piety under Trog
  2465 | D:4      | Reached XP level 6. HP: 52/52 MP: 5/5
  2704 | D:4      | Noticed Blork the orc
  2717 | D:4      | Killed Blork the orc
  2717 | D:4      | Reached skill level 5 in Dodging
  3433 | D:5      | Entered Level 5 of the Dungeon
  3516 | D:5      | Found a shadowy altar of Dithmenos.
  3650 | D:5      | Reached XP level 7. HP: 59/59 MP: 6/6
  3761 | D:5      | Found Qud Begi's Gadget Shoppe.
  3763 | D:5      | Reached skill level 5 in Armour
  4328 | D:6      | Reached XP level 8. HP: 66/66 MP: 7/7
  4682 | D:6      | Found Hihotwet's Assorted Antiques.
  4693 | D:6      | Bought a pair of embroidered gloves for 202 gold pieces
  4847 | D:6      | Reached ** piety under Trog
  5176 | D:7      | Found a staircase to the Ecumenical Temple.
  5188 | Temple   | Entered the Ecumenical Temple
  5378 | D:7      | Reached skill level 10 in Armour
  5488 | D:7      | Found an ancient bone altar of Kikubaaqudgha.
  5488 | D:7      | Found an iron altar of Okawaru.
  5558 | D:7      | Found a shimmering altar of Xom.
  5588 | D:7      | Found Amocrew's Magic Scroll Shoppe.
  5600 | D:7      | Bought a scroll of identify for 24 gold pieces
  5600 | D:7      | Bought a scroll of identify for 24 gold pieces
  5604 | D:7      | Bought a scroll of identify for 24 gold pieces
  6082 | D:7      | Reached skill level 5 in Fighting
  6130 | D:7      | Bought a scroll of enchant weapon for 90 gold pieces
  6253 | D:8      | Reached skill level 1 in Evocations
  6261 | D:8      | Found a bloodstained altar of Trog.
  6323 | D:8      | Noticed Pikel
  6341 | D:8      | Killed Pikel
  6341 | D:8      | Reached XP level 9. HP: 74/74 MP: 11/11
  6438 | D:8      | Found a staircase to the Lair.
  6670 | D:9      | Noticed Erica
  6945 | D:9      | Reached skill level 5 in Evocations
  7119 | D:9      | Reached *** piety under Trog
  7135 | D:9      | Found Powadd's General Store.
  7300 | D:9      | Found a basalt altar of Yredelemnul.
  7401 | D:9      | Found a staircase to the Orcish Mines.
  7411 | D:9      | Identified the cursed +0 scale mail of the Beekeeper {SInv}
  7655 | D:10     | Entered Level 10 of the Dungeon
  7664 | D:10     | Found Riumum's Book Shop.
  7704 | D:10     | Reached skill level 6 in Axes
  7719 | D:10     | Reached skill level 7 in Axes
  7719 | D:10     | Reached XP level 10. HP: 80/88 MP: 13/13
  7739 | D:10     | Found a runed translucent door.
  7740 | D:10     | Noticed an angel
  7798 | D:10     | Reached skill level 8 in Axes
  8041 | D:10     | Found a white marble altar of Elyvilon.
  8155 | D:9      | Reached skill level 9 in Axes
  8371 | D:10     | Reached skill level 10 in Axes
  8642 | D:10     | Reached **** piety under Trog
  8973 | D:11     | Noticed a white ugly thing
  8989 | D:11     | Killed a white ugly thing
  9096 | D:11     | Noticed a gargoyle
  9101 | D:11     | Killed a gargoyle
  9171 | D:11     | Reached skill level 10 in Fighting
  9719 | D:11     | Reached XP level 11. HP: 52/101 MP: 14/14
 10029 | D:11     | Reached ***** piety under Trog
 10573 | D:9      | Bought a +0 executioner's axe for 150 gold pieces
 10662 | D:12     | Reached skill level 1 in Bows
 10882 | D:12     | Noticed Snorg
 10898 | D:12     | Killed Snorg
 11044 | D:12     | Noticed a white ugly thing
 11054 | D:12     | Killed a white ugly thing
 11392 | D:12     | Reached skill level 5 in Bows
 12155 | D:13     | Noticed Jorgrun
 12161 | D:13     | Killed Jorgrun
 12209 | D:13     | Noticed a centaur warrior
 12217 | D:13     | Killed a centaur warrior
 12452 | D:13     | Received a gift from Trog
 12613 | D:13     | You fall through a shaft for 2 floors!
 12613 | D:15     | Entered Level 15 of the Dungeon
 12613 | D:15     | Noticed a white ugly thing
 12613 | D:15     | Noticed a white ugly thing
 12613 | D:15     | Noticed a green ugly thing
 12613 | D:15     | Noticed a green ugly thing
 12613 | D:15     | Noticed a green ugly thing
 12613 | D:15     | Noticed a green ugly thing
 12614 | D:15     | Noticed a green ugly thing
 12615 | D:15     | Noticed Josephine
 12618 | D:15     | Found a burning altar of Makhleb.
 12618 | D:15     | Noticed a brown ugly thing
 12618 | D:15     | Noticed a brown ugly thing
 12618 | D:15     | Noticed a brown ugly thing
 12618 | D:15     | Noticed a brown ugly thing
 12618 | D:15     | Noticed a brown ugly thing
 12618 | D:15     | Noticed a brown ugly thing
 12628 | D:15     | Noticed a fire dragon
 12811 | D:14     | Found a gate leading to a gauntlet.
 12813 | D:14     | Noticed a death knight
 13019 | D:13     | Reached skill level 11 in Axes
 13181 | D:13     | Noticed a vault guard
 13190 | D:13     | Killed a vault guard
 13190 | D:13     | Reached XP level 12. HP: 60/110 MP: 15/15
 13195 | D:13     | Found a gate to the Vaults.
 13795 | Lair:1   | Entered Level 1 of the Lair of Beasts
 13940 | Lair:1   | Reached skill level 12 in Axes
 14231 | Lair:1   | Noticed an eight-headed hydra
 14238 | Lair:1   | Killed a five-headed hydra
 14238 | Lair:1   | Reached skill level 13 in Axes
 14824 | Lair:1   | Noticed a six-headed hydra
 14828 | Lair:1   | Killed a four-headed hydra
 15253 | Lair:2   | Noticed Nergalle
 15269 | Lair:2   | Killed Nergalle
 15269 | Lair:2   | Reached skill level 14 in Axes
 15413 | Lair:2   | Received a gift from Trog
 16314 | Lair:2   | Reached skill level 15 in Axes
 16639 | Lair:2   | Received a gift from Trog
 17097 | Lair:3   | Reached skill level 16 in Axes
 17097 | Lair:3   | Reached XP level 13. HP: 75/116 MP: 16/16
 17290 | Lair:3   | Noticed Urug
 17304 | Lair:3   | Killed Urug
 17538 | Lair:3   | Found a hole to the Spider Nest.
 17856 | Lair:3   | Found a staircase to the Shoals.
 18154 | Lair:4   | Noticed Kirke
 18180 | Lair:4   | Killed Kirke
 18180 | Lair:4   | Reached skill level 17 in Axes
 18507 | Lair:4   | Noticed Rupert
 18511 | Lair:4   | Paralysed by Rupert for 4 turns
 18521 | Lair:4   | Killed Rupert
 18725 | Lair:4   | You fall through a shaft for 2 floors!
 18725 | Lair:6   | Entered Level 6 of the Lair of Beasts
 19320 | Lair:5   | Received a gift from Trog
 20653 | Lair:6   | Reached XP level 14. HP: 92/130 MP: 17/17
 20911 | Lair:6   | Found a viscous altar of Jiyva.
 20911 | Lair:6   | Found a staircase to the Slime Pits.
 21598 | Lair:6   | Reached skill level 15 in Fighting
 21613 | Lair:6   | Received a gift from Trog
 22842 | Lair:6   | Found the +0 mask of the Dragon {MR+ Slay+3 SInv}
 23204 | Orc:1    | Entered Level 1 of the Orcish Mines
 23463 | Orc:1    | Reached skill level 10 in Dodging
 23731 | Orc:1    | Found Jallos's Magic Scroll Shop.
 23738 | Orc:1    | Bought a scroll of enchant armour for 112 gold pieces
 23809 | Orc:1    | Received a gift from Trog
 24147 | Orc:1    | Found a runed translucent gate.
 24147 | Orc:1    | Found a runed translucent gate.
 24148 | Orc:1    | Found a runed translucent gate.
 24149 | Orc:1    | Noticed Zawski's ghost (journeyman HuBe)
 24149 | Orc:1    | Noticed hewge89's ghost (journeyman HaEn)
 24150 | Orc:1    | Noticed FishyPogo's ghost (journeyman MfSk)
 24150 | Orc:1    | Noticed Emblim88's ghost (journeyman SpCj)
 24150 | Orc:1    | Noticed hewge89's ghost (journeyman HaEn)
 24304 | Orc:2    | Entered Level 2 of the Orcish Mines
 24304 | Orc:2    | Found a staircase to the Elven Halls.
 24566 | Orc:2    | Received a gift from Trog
 24610 | Orc:2    | Found Tec Qarch's Magic Scroll Shoppe.
 24638 | Orc:2    | Bought a scroll of enchant armour for 105 gold pieces
 24638 | Orc:2    | Bought a scroll of enchant weapon for 105 gold pieces
 24694 | Orc:2    | Noticed an orc warlord
 24694 | Orc:2    | Received a gift from Trog
 24731 | Orc:2    | Killed an orc warlord
 25107 | Orc:2    | Found a roughly hewn altar of Beogh.
 25132 | Orc:2    | Gained mutation: You are occasionally teleported next to
                  | monsters. [a neqoxec]
 25144 | Orc:2    | Found Cipnac's General Store.
 25151 | Orc:2    | Found Feattaif's Book Emporium.
 25202 | Orc:2    | Found Wiceluw's Antique Weapon Emporium.
 25233 | Orc:2    | Found Dankeipp's Antique Armour Emporium.
 25376 | Orc:2    | Bought a scroll of enchant weapon for 90 gold pieces
 25444 | Orc:2    | Found a roughly hewn altar of Beogh.
 26320 | D:9      | Killed Erica
 26920 | D:14     | Reached skill level 10 in Bows
 27046 | D:14     | Received a gift from Trog
 27547 | D:14     | Reached XP level 15. HP: 144/144 MP: 18/18
 27818 | D:14     | Received a gift from Trog
 29268 | D:15     | Killed Josephine
 29268 | D:15     | Received a gift from Trog
 29538 | D:15     | Found a staircase to the Depths.
 29776 | D:6      | Bought the -2 hat of the Alchemist {rElec rPois rF+ rC+ rN+
                  | MR+ rMut rCorr} for 1274 gold pieces
 29776 | D:6      | Found the -2 hat of the Alchemist {rElec rPois rF+ rC+ rN+
                  | MR+ rMut rCorr}
 29776 | D:6      | Bought a scroll of enchant weapon for 202 gold pieces
 29984 | D:3      | Killed Curus's ghost
 30260 | Shoals:1 | Entered Level 1 of the Shoals
 30502 | Shoals:1 | HP: 3/144 [merfolk impaler/+8 trident of freezing (10)]
 30502 | Shoals:1 | Slain by a merfolk

Skill      XL: |  1  2  3  4  5  6  7  8  9 10 11 12 13 14 15 |
---------------+----------------------------------------------+-----
Fighting       | 4 5 8 10 11 13 16 | 16.0
Shields        | 4 |  4.3
Axes           | 4 5 7 10 11 16 17 | 17.1
Dodging        | 3 5 9 11 | 11.3
Armour         | 4 8 10 | 10.2
Evocations     | 4 6 |  6.0
Bows           | 6 9 10 13 | 13.3

Action                   |  1- 3 |  4- 6 |  7- 9 | 10-12 | 13-15 || total
-------------------------+-------+-------+-------+-------+-------++-------
Melee: War axe           |    57 |   141 |   318 |   258 |       ||   774
       Headbutt          |     9 |    22 |    63 |   127 |   107 ||   328
       Executioner's axe |       |       |       |   373 |   503 ||   876
       Unarmed           |       |       |       |       |    17 ||    17
 Fire: Shortbow          |       |       |       |       |   145 ||   145
       Longbow           |       |       |       |       |   128 ||   128
Invok: Berserk           |       |       |     4 |     7 |     4 ||    15
       Brothers in Arms  |       |       |       |     2 |     8 ||    10
       Trog's Hand       |       |       |       |     1 |     4 ||     5
 Abil: Evoke Flight      |       |       |       |       |     1 ||     1
  Use: Scroll            |       |    15 |    10 |    11 |    11 ||    47
       Potion            |       |       |       |     6 |     1 ||     7
  Eat: Chunk             |       |     7 |    12 |    21 |    32 ||    72
       Ration            |       |     1 |     1 |     5 |     6 ||    13
Armor: Scale mail        |    16 |    44 |       |       |       ||    60
       Plate armour      |       |     7 |   123 |   395 |   351 ||   876
Dodge: Dodged            |    15 |    51 |    69 |   337 |   361 ||   833
Block: Shield            |    33 |    89 |   191 |   136 |       ||   449
